 Dungeon Crawl Stone Soup version 0.29-a0-284-gf9362112df (webtiles) character file.

Game seed: 15519559746638675137

102 Warped the Poker (level 4, -3/33 HPs)
             Began as a Merfolk Gladiator on Mar 22, 2022.
             Slain by an iguana (10 damage)
             ... on level 3 of the Dungeon.
             The game lasted 00:02:04 (2258 turns).

Warped the Poker (Merfolk Gladiator)                Turns: 2258, Time: 00:02:05

Health: -3/33      AC:  5    Str: 16    XL:     4   Next: 77%
Magic:  4/4        EV: 13    Int:  7    God:
Gold:   125        SH:  0    Dex: 15    Spells: 3/3 levels left

rFire   . . .      SeeInvis .   a - +0 trident
rCold   . . .      Faith    .   (no shield)
rNeg    . . .      Spirit   .   b - +0 leather armour
rPois   .          Reflect  .   c - +0 helmet
rElec   .          Harm     .   j - +0 cloak
rCorr   .          Rampage  .   (no gloves)
Will    .....                   (no boots)
Stlth   +.........              (no amulet)
HPRegen 0.11/turn               (no ring)
MPRegen 0.09/turn               (no ring)

@: no status effects
A: (nimble swimmer 2), mertail
a: no special abilities


You were on level 3 of the Dungeon.
You visited 1 branch of the dungeon, and saw 3 of its levels.

You collected 125 gold pieces.

Inventory:

Hand Weapons
 a - a +0 trident (weapon)
 h - a +3 quarterstaff of chaos
 i - a +0 hunting sling
Missiles
 e - a javelin (quivered)
 f - 38 stones
Armour
 b - a +0 leather armour (worn)
 c - a +0 helmet (worn)
 j - a +0 cloak (worn)
Scrolls
 g - a scroll of holy word {unknown}
 k - a scroll of identify {unknown}
 l - 2 scrolls of noise {unknown}
 m - a scroll of amnesia {unknown}
 o - a scroll of immolation {unknown}
 r - a scroll of vulnerability {unknown}
 s - a scroll of enchant armour {unknown}
 t - a scroll of silence {unknown}
Potions
 n - a potion of degeneration {unknown}
 p - a potion of curing
 q - a potion of brilliance {unknown}
 u - a potion of resistance {unknown}


   Skills:
 - Level 2.1 Fighting
 * Level 6.5 Polearms
 - Level 2.0 Throwing
 + Level 4.8 Dodging


You had 3 spell levels left.
You didn't know any spells.
Your spell library contained the following spells:

 Spells                   Type           Power      Damage    Failure   Level
 Animate Skeleton         Necr           0%         N/A       50%         1
 Apportation              Tloc           0%         N/A       50%         1
 Summon Small Mammal      Summ           0%         N/A       50%         1
 Conjure Flame            Conj/Fire      0%         6-21      86%         3
 Ignite Poison            Fire/Tmut/Pois 0%         N/A       86%         3
 Ozocubu's Armour         Ice            0%         N/A       86%         3
 Sticky Flame             Conj/Fire      0%         2d3       99%         4
 Ozocubu's Refrigeration  Ice            0%         4d5       100%        7


Dungeon Overview and Level Annotations

Branches:
Dungeon (3/15)

Altars:


Innate Abilities, Weirdness & Mutations

((You are very nimble when in or above water. (Stealth+, EV+, Speed+++)))
Your lower body shifts to a powerful aquatic tail in water.


Message History

Unknown command.
Okay, then.
Okay, then.
Throw: 3 throwing nets
Press: ? - help, Q - select action, (/) - cycle Shift-Dir - straight line, f/p - iguana
Aim: an iguana (moderately wounded, 64% to hit)
You throw a throwing net.
The throwing net closely misses the iguana.
The iguana barely misses you.
Unknown command.
Throw: 2 throwing nets
Press: ? - help, Q - select action, (/) - cycle Shift-Dir - straight line, f/p - iguana
Aim: an iguana (moderately wounded, 64% to hit)
You throw a throwing net. The throwing net hits the iguana.
The iguana is caught in the net!
The iguana is moderately wounded.
The iguana struggles against the net.
You hit the iguana.
The iguana is heavily wounded.
The iguana struggles against the net.
You hit the iguana but do no damage.
The iguana is heavily wounded.
The iguana struggles against the net.
You hit the iguana.
The iguana is severely wounded.
The iguana struggles against the net.
You hit the iguana.
The iguana is severely wounded.
The iguana struggles against the net.
The net rips apart, and the iguana comes free!
You hit the iguana but do no damage.
The iguana is severely wounded.
The iguana barely misses you.
Throw: throwing net
Press: ? - help, Q - select action, (/) - cycle Shift-Dir - straight line, f/p - iguana
Aim: an iguana (severely wounded, 64% to hit)
You throw a throwing net.
The throwing net closely misses the iguana.
The iguana bites you!
You die...

##### .(.# #
######l###.#
.......@>#.#
#####......#
#.......###
#.##.#..###
# #.#....#
..#..#.#
##.#.#..#
..#.#.##
#.#.#.#


You could see an iguana.

Vanquished Creatures
  A jelly (D:2)
  Crazy Yiuf (D:2)
  2 dart slugs (D:1)
  A bat (D:1)
  3 endoplasms
  A giant cockroach (D:1)
  5 hobgoblins
  5 jackals
  A quokka (D:1)
  2 ball pythons
  A frilled lizard (D:2)
  5 goblins
  2 kobolds
  5 rats
35 creatures vanquished.

Notes
Turn   | Place    | Note
-------+----------+-------------------------------------------
     0 | D:1      | Warped the Merfolk Gladiator began the quest for the Orb.
     0 | D:1      | Reached XP level 1. HP: 16/16 MP: 1/1
   178 | D:1      | Reached XP level 2. HP: 22/22 MP: 2/2
   446 | D:1      | Reached skill level 5 in Polearms
   489 | D:1      | Reached XP level 3. HP: 27/27 MP: 3/3
  1085 | D:2      | Found a runed translucent door.
  1086 | D:2      | Noticed Crazy Yiuf
  1206 | D:2      | Reached XP level 4. HP: 4/33 MP: 4/4
  1486 | D:2      | Reached skill level 6 in Polearms
  1990 | D:2      | Killed Crazy Yiuf
  2258 | D:3      | Slain by an iguana

Illustrated notes

Levels and vault maps discovered:
D:1:      heliophobic_arrival_glass_houses, layout_loops_ring
D:2:      layout_basic, serial_corexii_hall, corexii_hall_statues_deadend,
          chequers_hall_statues_y, uniq_crazy_yiuf_cottage
D:3:      layout_basic, nicolae_ecumenical_snake_handling

Skill      XL: |  1  2  3  4 |
---------------+-------------+-----
Polearms       | 5 6 |  6.5
Fighting       | |  2.1
Throwing       | |  2.0
Dodging        | |  4.8

Action                   |  1- 3 |  4- 6 || total
-------------------------+-------+-------++-------
Melee: Trident           |    62 |    44 ||   106
       Punch             |       |     1 ||     1
Throw: Throwing net      |     1 |     4 ||     5
  Use: Potion            |       |     4 ||     4
 Stab: Sleeping          |     2 |     1 ||     3
Armor: Leather armour    |     9 |     8 ||    17
Dodge: Dodged            |    21 |    38 ||    59

Table legend: (Time is in decaauts)
 A = Elapsed time spent in this place.
 B = Non-inter-level travel time spent in this place.
 C = Inter-level travel time spent in this place.
 D = Time resting spent in this place.
 E = Time spent auto-exploring this place.
 F = Levels seen in this place.
 G = Mean time per level.
                   A        B        C        D        E       F      G
               +--------+--------+--------+--------+--------+-----+--------+
         Total |   2242 |   2155 |     87 |    264 |   1627 |   3 |  747.3 |
       Dungeon |   2242 |   2155 |     87 |    264 |   1627 |   3 |  747.3 |
               +--------+--------+--------+--------+--------+-----+--------+

Top non-repeatable levels by time:
     D:2: 1295 daAuts
     D:1: 850 daAuts
     D:3: 97 daAuts
